Match 47165025
Unlisted

Match 47165025
End
Panzerpioneer Squad
250 Light Carrier
Panzerpioneer Squad
Panzerpioneer Squad
Construct Light Support Kompanie
Panzerjäger Squad
MG34 Team
Panzerjäger Mechanized Group
Construct Mechanized Kompanie
8 Rad Armored Car
8 Rad Armored Car
Selects Armored Support Battlegroup
Selects Superior Fire Drills
Panzerpioneer Squad
2.5-tonne Medical Truck
Selects Flammpanzer III Medium Tank
Flammpanzer III Medium Tank
Flammpanzer III Medium Tank
Vehicle Survival Package
Construct Panzerarmee Kommand
Selects Command Panzer IV F Medium Tank
Command Panzer IV F Medium Tank
Selects Salvage Kits
Selects Panzer Storm
란카
Jonnies
坑(help!)
likewind3
insanepiglet
silverticket
ramiraiise
陈浩南
0
0

Comments sign in to comment!

No comments posted yet!